Map: Frozen Temple

Players

Fropez - Winner!

  • Race: Protoss Protoss
  • League: Silver
  • Spawn Location: 11:00

Makiavel

  • Race: Zerg Zerg
  • League: Silver
  • Spawn Location: 5:00

VOD

Have the link to the VOD?

Description

Time

  • Played on: May 18, 2016, 10:35 p.m.
  • Length: 16:03
Show
View Real Time Build Order
Export as new Build Order

Fropez Protoss - Winner!

Build Orders:  

Get SALT Encoding   

  12  0:09  Pylon  
  12  0:13  Probe (Chrono Boost)  
  13  0:24  Probe (Chrono Boost)  
  14  0:33  Gateway  
  14  0:39  Probe (Chrono Boost)  
  15  0:49  Probe (Chrono Boost)  
  16  0:53  Assimilator  
  16  1:00  Probe (Chrono Boost)  
  17  1:08  Gateway  
  17  1:11  Probe (Chrono Boost)  
  17  1:18  Assimilator  
  18  1:22  Probe (Chrono Boost)  
  19  1:28  Pylon  
  20  1:32  Probe (Chrono Boost)  
  20  1:43  Probe (Chrono Boost)  
  21  1:52  Cybernetics Core  
  21  1:53  Probe (Chrono Boost)  
  22  2:08  Probe (Chrono Boost)  
  23  2:16  Pylon  
  23  2:19  Probe (Chrono Boost)  
  24  2:29  Probe (Chrono Boost)  
  25  2:32  Adept x2  
  29  2:38  Pylon  
  29  2:44  Probe (Chrono Boost)  
  30  2:54  Warp Gate (Chrono Boost)  
  30  2:59  Adept x2  
  30  3:01  Mothership Core  
  36  3:22  Probe  
  37  3:29  Gateway  
  37  3:31  Pylon  
  37  3:34  Probe  
  37  3:40  Forge  
  38  3:46  Probe  
  39  3:49  Adept x2  
  43  3:59  Probe  
  43  4:00  Pylon  
  42  4:36  Probe  
  43  4:44  Photon Cannon  
  43  4:48  Probe  
  43  4:50  Protoss Ground Weapons Level 1 (Chrono Boost)  
  44  5:04  Nexus, Probe  
  45  5:07  Assimilator  
  45  5:08  Assimilator  
  45  5:10  Adept x2  
  45  5:13  Pylon  
  49  5:18  Pylon  
  49  5:33  Adept x3  
  55  5:36  Probe  
  56  5:49  Probe  
  57  5:53  Photon Cannon  
  57  6:06  Adept  
  57  6:07  Adept x2  
  63  6:16  Twilight Council  
  53  6:31  Adept x3  
  55  6:45  Probe x2  
  55  6:46  Photon Cannon  
  55  6:48  Pylon, Photon Cannon  
  55  6:57  Zealot  
  55  7:00  Sentry x2  
  61  7:30  Adept  
  61  7:31  Adept x2  
  67  7:39  Resonating Glaives (Chrono Boost)  
  67  7:52  Protoss Ground Weapons Level 2 (Chrono Boost)  
  67  8:04  Gateway  
  67  8:06  Gateway  
  67  8:19  Probe  
  68  8:20  Probe  
  68  8:21  Gateway  
  69  8:30  Pylon  
  69  8:31  Photon Cannon  
  69  8:35  Pylon  
  65  9:09  Adept x3  
  71  9:22  Robotics Facility  
  55  9:39  Forge  
  53  9:46  Adept x3  
  53  9:47  Adept x3  
  65  9:59  Gateway  
  65  10:01  Gateway, Photon Cannon  
  65  10:04  Pylon, Probe  
  66  10:17  Nexus  
  66  10:20  Assimilator  
  60  10:22  Assimilator  
  60  10:24  Adept x2  
  60  10:25  Adept x3  
  60  10:26  Pylon  
  69  10:29  Pylon  
  69  10:33  Pylon  
  69  10:34  Pylon  
  69  10:37  Pylon  
  69  10:38  Pylon  
  69  10:46  Protoss Ground Armor Level 1 (Chrono Boost)  
  69  10:47  Probe  
  69  10:48  Protoss Ground Weapons Level 3 (Chrono Boost)  
  70  10:58  Immortal  
  74  11:08  Probe  
  74  11:09  Probe  
  76  11:24  Templar Archives  
  76  11:30  Probe x3  
  79  11:38  Immortal  
  83  11:53  Probe  
  84  11:54  Probe  
  84  12:00  Stalker  
  87  12:07  Photon Cannon  
  87  12:10  Photon Cannon  
  87  12:12  Pylon  
  87  12:17  Immortal  
  91  12:41  Protoss Ground Armor Level 2 (Chrono Boost)  
  91  12:43  High Templar x5  
  91  12:44  High Templar x3  
  105  12:45  Robotics Facility  
  105  12:47  Pylon, Archon x2  
  105  12:48  Archon x2  
  107  12:56  Immortal  
  111  13:21  High Templar x4  
  111  13:22  High Templar x4  
  111  13:25  Archon  
  111  13:26  Archon x3  
  127  13:35  Immortal  
  127  13:36  Immortal  
  127  13:39  Probe  
  136  13:44  Probe  
  136  13:45  Probe  
  136  13:46  Nexus  
  138  13:53  Pylon  
  138  13:54  Pylon  
  138  13:58  Pylon  
  138  14:05  Probe  
  138  14:06  Probe  
  138  14:08  Pylon  
  140  14:15  Immortal x2  
  148  14:25  Probe  
  148  14:26  Probe x2  
  151  14:45  Zealot x3  
  152  14:46  Zealot x5  
  166  14:54  Immortal  
  166  14:56  Probe  
  166  14:57  Probe  
  166  14:58  Probe x2  
  146  15:30  Assimilator  
  146  15:32  Assimilator  
Show
View Real Time Build Order
Export as new Build Order

Makiavel Zerg 

Build Orders: Hatch First 

Get SALT Encoding   

  12  0:02  Drone  
  13  0:11  Drone  
  14  0:14  Extractor  
  14  0:16  Drone  
  15  0:22  Overlord  
  16  0:42  Drone  
  16  0:43  Drone  
  17  0:52  Drone  
  18  1:04  Hatchery  
  17  1:23  Spawning Pool  
  17  1:25  Extractor  
  15  1:37  Drone x3  
  19  2:00  Drone x2  
  19  2:01  Extractor  
  20  2:09  Overlord  
  20  2:18  Roach Warren  
  20  2:19  Queen  
  20  2:21  Queen  
  23  2:28  Drone  
  24  2:36  Zergling x6  
  27  2:53  Zergling x4  
  27  2:54  Zergling x4  
  31  3:11  Roach x2  
  35  3:13  Overlord  
  34  3:22  Metabolic Boost  
  34  3:27  Extractor, Overlord x2  
  34  3:32  Drone  
  34  3:33  Drone x3  
  37  3:40  Drone  
  37  3:41  Drone  
  39  3:57  Spore Crawler  
  35  4:38  Roach x2  
  35  4:39  Roach x6  
  35  4:40  Roach  
  51  4:58  Zergling x2  
  51  4:59  Roach x3  
  58  5:04  Drone  
  58  5:06  Overlord  
  57  5:31  Lair  
  57  5:39  Roach x2  
  57  5:40  Roach  
  63  5:44  Drone x3  
  66  6:17  Queen  
  67  6:30  Pneumatized Carapace  
  67  6:45  Overlord x2  
  66  6:54  Hatchery  
  66  6:56  Glial Reconstitution  
  66  7:01  Roach  
  63  7:29  Zergling x8  
  66  7:30  Zergling x10  
  66  7:35  Overlord x3  
  70  7:52  Drone x4  
  70  7:57  Spore Crawler  
  70  7:58  Overseer x3  
  73  8:11  Spire  
  72  8:33  Queen  
  74  8:38  Spine Crawler  
  73  8:45  Spore Crawler  
  73  8:47  Drone x4  
  73  8:48  Drone x5  
  76  9:08  Roach x7  
  76  9:09  Roach  
  92  9:13  Extractor x2  
  85  9:30  Mutalisk  
  83  9:56  Mutalisk  
  85  10:04  Drone x3  
  85  10:05  Drone x4  
  92  10:08  Queen  
  92  10:10  Queen  
  96  10:27  Mutalisk x2  
  100  10:46  Zergling x10  
  100  10:47  Zergling x12  
  111  10:58  Drone x3  
  114  11:09  Overlord x2  
  114  11:20  Zerg Flyer Weapons Level 1  
  114  11:21  Evolution Chamber  
  114  11:24  Evolution Chamber  
  112  11:30  Extractor  
  112  11:32  Spine Crawler  
  110  11:33  Extractor  
  110  11:34  Drone x4  
  110  11:35  Drone x7  
  120  11:46  Mutalisk x3  
  124  11:51  Zerg Melee Weapons Level 1  
  124  11:53  Zerg Missile Weapons Level 1  
  126  11:57  Drone x3  
  129  12:24  Overlord  
  129  12:25  Overlord, Hatchery  
  128  12:45  Baneling Nest  
  128  12:50  Hatchery  
  126  12:55  Mutalisk  
  126  12:56  Mutalisk x5  
  126  12:57  Mutalisk x3  
  144  13:32  Zerg Flyer Weapons Level 2  
  144  13:37  Spire  
  143  13:43  Mutalisk x2  
  143  13:47  Zergling x8, Infestation Pit  
  143  13:48  Overlord, Zergling x4  
  152  13:49  Overlord x2  
  152  14:01  Queen  
  154  14:24  Hive  
  154  14:39  Queen  
  148  15:00  Mutalisk x2  
  148  15:01  Mutalisk x7  
  143  15:39  Roach x5  
  143  15:40  Roach x6  
Tags
 
Matchup
PvZ
Replay Pack
All Mines
Spawn Locations
Cross Positions
Add a new tag
Caveats
  • Supply blocks, unpowered buildings, or Contaminate may cause inaccurate times.
  • Supply counts are checked every 10 seconds.